 Dungeon Crawl Stone Soup version 0.25-a0-290-g4a1327ee3a (webtiles) character file.

Game seed: 13170230857196086888, levelgen mode: classic

46 Borgoz the Skirmisher (level 3, 0/23 HPs)
             Began as a Kobold Fighter on Dec 15, 2019.
             Shot with a stone by a goblin (5 damage)
             ... on level 2 of the Dungeon.
             The game lasted 00:01:40 (1050 turns).

Borgoz the Skirmisher (Kobold Fighter)              Turns: 1050, Time: 00:01:40

Health: 0/23       AC:  6    Str: 14    XL:     3   Next: 92%
Magic:  3/3        EV: 14    Int:  9    God:
Gold:   21         SH:  9    Dex: 19    Spells: 2/2 levels left

rFire    . . .     SeeInvis .   a - +0 rapier
rCold    . . .     Gourm    .   c - +0 shield
rNeg     . . .     Faith    .   b - +0 scale mail
rPois    .         Spirit   .   (no helmet)
rElec    .         Reflect  .   (no cloak)
rCorr    .         Harm     .   (no gloves)
MR       .....                  (no boots)
Stlth    ++........             (no amulet)
HPRegen  0.07/turn              (no ring)
MPRegen  0.08/turn              (no ring)

@: agile, lethally poisoned (0 -> -21)
A: small, carnivore
a: no special abilities


You were on level 2 of the Dungeon.
You were completely stuffed.

You visited 1 branch of the dungeon, and saw 2 of its levels.

You collected 21 gold pieces.

Inventory:

Hand Weapons
 a - a +0 rapier (weapon)
Armour
 b - a +0 scale mail (worn)
 c - a +0 shield (worn)
Scrolls
 e - 2 scrolls of identify {unknown}
 g - a scroll of magic mapping {unknown}
 j - a scroll of enchant weapon {unknown}
Potions
 d - 2 potions of might
 l - a potion of lignification {unknown}
 m - a potion of flight {unknown}
Comestibles
 f - 3 rations
 h - 2 chunks of flesh


   Skills:
 * Level 3.6 Fighting
 * Level 3.4 Short Blades
 * Level 2.8 Armour
 * Level 1.2 Dodging
 + Level 1.0 Stealth
 + Level 2.5 Shields
 + Level 0.4 Spellcasting


You had 2 spell levels left.
You didn't know any spells.
Your spell library was empty.

Dungeon Overview and Level Annotations

Branches:
Dungeon (2/15)

Altars:


Innate Abilities, Weirdness & Mutations

You are small and have problems with some larger weapons.
You are carnivorous and can eat meat at any time.


Message History

The kobold hits you with a +2 short sword of venom.
You are lethally poisoned!
You completely miss the kobold.
The kobold is severely wounded.
You feel sick. The kobold completely misses you.
The goblin shoots a stone.
The stone hits you but does no damage.
You barely miss the kobold.
The kobold is severely wounded.
You feel sick. The kobold hits you but does no damage.
You are more poisoned.
You hit the kobold.
You kill the kobold!
* * * LOW HITPOINT WARNING * * *
You feel sick.
The goblin shoots a stone.
The stone barely misses you.
Unknown command.
It was a potion of agility.
You feel agile all of a sudden.
* * * LOW HITPOINT WARNING * * *
You feel sick.
The goblin shoots a stone.
The stone hits you.
You die...

### ## ..# ..
#######.# #
#.####.....#.###.###
#......###.#...g....
##.....# #.#).....#
#.##.####.#@.# #.##
#.........(..# #..
#.##.####.#..###.. #
#.# #.#......# #.#
#.#..#.#.# #.#
#.#..#.#.## #.#
##.#..#....# #.#
#..........# #.#
#..#.###...#


You could see a goblin.

Vanquished Creatures
  3 dart slugs (D:1)
  4 leopard geckos (D:1)
  2 giant cockroaches (D:1)
  3 hobgoblins
  7 bats (D:1)
  2 frilled lizards
  5 goblins (D:1)
  6 kobolds
  4 rats (D:1)
36 creatures vanquished.

Notes
Turn   | Place    | Note
-------+----------+-------------------------------------------
     0 | D:1      | Borgoz the Kobold Fighter began the quest for the Orb.
     0 | D:1      | Reached XP level 1. HP: 14/14 MP: 1/1
   130 | D:1      | Reached XP level 2. HP: 15/19 MP: 2/2
   160 | D:1      | Reached skill level 1 in Dodging
   308 | D:1      | Reached XP level 3. HP: 20/23 MP: 3/3
   632 | D:1      | Reached skill level 1 in Stealth
  1050 | D:2      | Shot with a stone by a goblin

Levels and vault maps discovered:
D:1:      lemuel_arrival_hallway, layout_basic, minmay_misc_feat_diagonals,
          hangedman_decor_clover_reticule, st_stairs_7
D:2:      layout_loops_ring, first_ration, uniq_crazy_yiuf_cottage

Skill      XL: |  1  2  3 |
---------------+----------+-----
Short Blades   | 3 |  3.4
Dodging        | 1 |  1.2
Stealth        | 1 |  1.0
Fighting       | |  3.6
Armour         | |  2.8
Shields        | |  2.5
Spellcasting   | |  0.4

Action                   || total
-------------------------++-------
Melee: Rapier            ||   129
  Use: Potion            ||     2
  Eat: Chunk             ||     9
Armor: Scale mail        ||    49
Dodge: Dodged            ||    40
Block: Shield            ||    71

Table legend:
 A = Non-vault XP
 B = Vault XP
 C = Vault XP percentage of total XP
 D = Non-vault monster count
 E = Vault monster count
 F = Vault count percentage of total count
                 A         B        C        D         E       F
            +---------+---------+-------+---------+---------+-------
      Total |      64 |       2 |   3.0 |      34 |       2 |   5.6
            +---------+---------+-------+---------+---------+-------
        D:1 |      60 |       2 |   3.2 |      31 |       2 |   6.1
        D:2 |       4 |       0 |   0.0 |       3 |       0 |   0.0
            +---------+---------+-------+---------+---------+-------
